 Dungeon Crawl Stone Soup version 0.30.1-4-g462c640d31 (webtiles) character file.

Game seed: 7218930087068353492

546 croobank the Ducker (level 7, 0/50 HPs)
             Began as a Minotaur Fire Elementalist on Sept 15, 2023.
             Slain by a scorpion (6 damage)
             ... on level 4 of the Dungeon.
             The game lasted 00:08:20 (3182 turns).

croobank the Ducker (Minotaur Fire Elementalist)    Turns: 3182, Time: 00:08:20

Health: 0/50       AC:  2    Str: 12    XL:     7   Next: 6%
Magic:  1/10       EV: 13    Int: 14    God:
Gold:   116        SH:  0    Dex: 11    Spells: 5/11 levels left

rFire   . . .        d - +0 dagger
rCold   . . .        (no shield)
rNeg    . . .        a - +0 robe
rPois   .            (helmet restricted)
rElec   .            (no cloak)
rCorr   .            (no gloves)
SInv    .            (no boots)
Will    .....        (no amulet)
Stlth   ++           (no ring)
HPRegen 0.28/turn    (no ring)
MPRegen 0.12/turn

%: no passive effects
@: lethally poisoned (0 -> -9), hasted, invisible, very quick
A: horns 2, retaliatory headbutt
a: no special abilities


You were on level 4 of the Dungeon.
You visited 1 branch of the dungeon, and saw 4 of its levels.

You collected 116 gold pieces.

Inventory:

Hand Weapons
 d - a +0 dagger (weapon)
 g - a +0 short sword
Armour
 a - a +0 robe (worn)
 c - a +0 ring mail
Wands
 b - a wand of flame (22)
Scrolls
 e - a scroll of identify
 i - a scroll of silence {unknown}


   Skills:
 + Level 4.2 Dodging
 + Level 3.3 Stealth
 + Level 2.6 Spellcasting
 + Level 2.4 Conjurations
 + Level 3.3 Fire Magic


You had 5 spell levels left.
You knew the following spells:

 Your Spells              Type           Power      Damage    Failure   Level
a - Foxfire               Conj/Fire      36%        2x1d5     7%          1
b - Scorch                Fire           22%        2d5       9%          2
c - Inner Flame           Hex/Fire       6%         N/A       32%         3

Your spell library contained the following spells:

 Spells                   Type           Power      Damage    Failure   Level
 Volatile Blastmotes      Fire/Tloc      12%        2d11      32%         3
 Flame Wave               Conj/Fire      9%         2d6       56%         4


Dungeon Overview and Level Annotations

Branches:
Dungeon (4/15)
 Temple: D:4-7

Altars:

Annotations:
D:3 2 transporters, CareLess's ghost, amateur TrDe


Innate Abilities, Weirdness & Mutations

You have a pair of horns on your head.
You reflexively headbutt those who attack you in melee.


Message History

Flames lash the scorpion.
The scorpion is moderately wounded.
The scorpion's fire resistance burns away.
You barely miss the scorpion.
The scorpion is moderately wounded.
The scorpion stings you.
You are poisoned.
The scorpion poisons you!
You barely miss the scorpion. You headbutt the scorpion.
The scorpion is severely wounded.
You feel sick. The scorpion stings you.
You are more poisoned.
The scorpion poisons you! The scorpion closely misses you.
You closely miss the scorpion.
The scorpion is severely wounded.
You feel very sick.
The scorpion is no longer more vulnerable to fire.
The scorpion closely misses you.
You hit the scorpion.
The scorpion is almost dead.
You feel very sick. The scorpion stings you.
You are lethally poisoned!
The scorpion poisons you!
It was a potion of invisibility.
You fade into invisibility!
* * * LOW HITPOINT WARNING * * *
You feel very sick. The scorpion barely misses you.
You hit the scorpion but do no damage.
The scorpion is almost dead.
* * * LOW HITPOINT WARNING * * *
You feel very sick. The scorpion closely misses you.
Unknown command.
You feel yourself speed up.
* * * LOW HITPOINT WARNING * * *
You feel very sick. The scorpion stings you.
You die...

#.##......#
.###.#....#### #.#
..........# ..#
#.........#### #.#
#.##..###...##...#
# #..# ###.##$#.#
#..### #.##§..#
#>...# #.##.#s#
#.##.# #.##..@#
#.##.# #.####.#
#.##.# #.# #.#
#.##(# #.# #.#
#.##.# #.# #.#
#)##.# #†####.#
####.##<###......#
......#..###.#####
......##...#.....#


You could see a scorpion (unable to see you).

Vanquished Creatures
  Grinder (D:3)
  A bullfrog (D:4)
  An orc wizard (D:3)
  Natasha (thrice) (D:3)
  5 adders
  3 worms (D:2)
  3 dart slugs
  4 orcs
  10 ball pythons
  9 bats
  10 endoplasms
  2 giant cockroaches (D:1)
  5 goblins
  9 hobgoblins
  7 jackals
  4 kobolds
  3 quokkas
  7 frilled lizards
  4 rats
91 creatures vanquished.

Vanquished Creatures (others)
  An orc wizard (D:3)
  103 foxfires
104 creatures vanquished.

Grand Total: 195 creatures vanquished

Notes
Turn   | Place    | Note
-------+----------+-------------------------------------------
     0 | D:1      | croobank the Minotaur Fire Elementalist began the quest for
                  | the Orb.
     0 | D:1      | Reached XP level 1. HP: 14/14 MP: 1/1
   204 | D:1      | Reached XP level 2. HP: 20/20 MP: 1/3
   298 | D:1      | Reached skill level 1 in Conjurations
   316 | D:1      | Learned a level 2 spell: Scorch
   524 | D:1      | Reached XP level 3. HP: 26/26 MP: 1/4
  1139 | D:2      | You fall into a shaft and drop 1 floor!
  1379 | D:2      | Reached XP level 4. HP: 30/33 MP: 2/5
  1614 | D:2      | Reached skill level 3 in Dodging
  1890 | D:2      | Learned a level 3 spell: Inner Flame
  2281 | D:3      | Noticed Grinder
  2287 | D:3      | Paralysed by Grinder for 3 turns
  2299 | D:3      | Killed Grinder
  2300 | D:3      | Reached XP level 5. HP: 38/38 MP: 7/7
  2300 | D:3      | Reached XP level 6. HP: 45/45 MP: 8/8
  2461 | D:3      | Noticed Natasha
  2466 | D:3      | Killed Natasha
  2513 | D:3      | Found a transporter.
  2522 | D:3      | Noticed CareLess's ghost (amateur TrDe)
  2525 | D:3      | Found a transporter.
  2566 | D:3      | Noticed Natasha
  2569 | D:3      | Killed Natasha
  2783 | D:3      | Reached skill level 4 in Dodging
  2893 | D:3      | Noticed Natasha
  2902 | D:3      | Killed Natasha
  3175 | D:4      | Reached XP level 7. HP: 34/50 MP: 2/10
  3182 | D:4      | Slain by a scorpion

Illustrated notes

Levels and vault maps discovered:
D:1:      minmay_arrival_loop, layout_basic, minmay_misc_feat_tower,
          corexii_hall_statues_t
D:2:      minmay_recursive_quarters, layout_loops_ring
D:3:      layout_rooms, gammafunk_ghost_abyssal_escape, serial_glass,
          glass_columns_a, glass_columns_a, glass_columns_a, glass_columns_a,
          glass_columns_b, glass_columns_b, glass_columns_a, glass_columns_a,
          glass_columns_a, glass_columns_b, glass_columns_c, glass_columns_a,
          glass_columns_b, glass_columns_a, uniq_natasha, uniq_grinder
D:4:      minmay_evil_eye, layout_rooms, minmay_temple_entry_hall,
          hangedman_minor_gate_pass, uniq_menkaure, uniq_pikel

Skill      XL: |  1  2  3  4  5  6 |
---------------+-------------------+-----
Conjurations   | 1 2 |  2.4
Stealth        | 2 3 |  3.3
Dodging        | 3 4 |  4.2
Spellcasting   | 2 |  2.6
Fire Magic     | 3 |  3.3

Action                     |  1- 3 |  4- 6 |  7- 9 || total
---------------------------+-------+-------+-------++-------
  Melee: Unarmed           |     7 |       |       ||     7
         Headbutt          |    12 |    16 |     1 ||    29
         Dagger            |    68 |    96 |     5 ||   169
         Punch             |     3 |     1 |       ||     4
   Cast: Foxfire           |    30 |    33 |       ||    63
         Scorch            |     2 |    17 |     1 ||    20
    Use: Potion            |       |     4 |     2 ||     6
         Scroll            |       |     3 |       ||     3
   Stab: Sleeping          |     1 |     4 |       ||     5
 Armour: Robe              |    14 |     9 |       ||    23
  Dodge: Dodged            |    59 |    58 |     4 ||   121
